 Dungeon Crawl Stone Soup version 0.21.1-1-g345015fe64 (webtiles) character file.

240767 Peloso the Hoplite (level 18, -3/172 HPs)
             Began as a Minotaur Fighter on Feb 24, 2018.
             Was the Champion of Okawaru.
             Killed from afar by Asterion (28 damage)
             ... with a fireball
             ... on level 1 of the Elven Halls.
             The game lasted 02:03:35 (41286 turns).

Peloso the Hoplite (Minotaur Fighter)              Turns: 41286, Time: 02:03:36

Health: -3/172     AC: 26    Str: 28 (31) XL:     18   Next: 63%
Magic:  0/17       EV: 12    Int:  5      God:    Okawaru [******]
Gold:   2937       SH: 17    Dex: 20 (24) Spells: 17/17 levels left

rFire    . . .     SeeInvis .   P - +6 demon blade "Laezuf" {elec, +Rage rPois Str-2 Stlth+}
rCold    . . .     Gourm    +   A - +0 shield of Vlad {Str+7 Dex+2}
rNeg     . . .     Faith    .   O - +1 plate armour of the Armoured One {*Drain Dex+6}
rPois    +         Spirit   +   G - +1 hat {MR+}
rElec    .         Reflect  .   E - scarf {Spirit}
rCorr    .         Harm     .   B - +0 pair of gloves {Dex+3}
MR       ++...                  C - +0 pair of boots {Fly}
Stlth    ..........             h - amulet of the gourmand
HPRegen  0.38/turn              R - +3 ring of protection
MPRegen  0.15/turn              (no ring)

@: flying, drained
A: retaliatory headbutt, horns 2
}: 2/15 runes: decaying, gossamer
a: Heroism, Finesse, Renounce Religion, Evoke Berserk Rage, Stop Flying


You were on level 1 of the Elven Halls.
You worshipped Okawaru.
Okawaru was exalted by your worship.
You were full.

You visited 6 branches of the dungeon, and saw 32 of its levels.
You also visited: Labyrinth, Ossuary and Volcano.

You collected 3425 gold pieces.
You spent 488 gold pieces at shops.

Inventory:

Hand Weapons
 a - a +4 double sword of venom
 u - the +8 scimitar "Kacro" {elec, +Inv}
   (Okawaru gifted it to you on level 3 of the Spider Nest)

   Occasionally, upon striking a foe, it will discharge some electrical energy
   and cause terrible harm.
   It lets you turn invisible.
 x - a +4 scimitar of flaming
 P - the +6 demon blade "Laezuf" (weapon) {elec, +Rage rPois Str-2 Stlth+}
   (Okawaru gifted it to you on level 5 of the Lair of Beasts)

   Occasionally, upon striking a foe, it will discharge some electrical energy
   and cause terrible harm.
   It affects your strength (-2).
   It protects you from poison.
   It lets you go berserk.
   It makes you more stealthy.
Armour
 l - the +0 chain mail of Yruqehy {rN+ MR- Str+2 Int+5}
   (Okawaru gifted it to you on level 1 of the Elven Halls)

   It affects your strength (+2).
   It affects your intelligence (+5).
   It protects you from negative energy.
   It affects your resistance to hostile enchantments.
 A - the +0 shield of Vlad (worn) {Str+7 Dex+2}
   (You bought it in a shop on level 4 of the Dungeon)

   It affects your strength (+7).
   It affects your dexterity (+2).
 B - a +0 pair of gloves of dexterity (worn)
 C - a +0 pair of boots of flying (worn)
 E - a scarf of spirit shield (worn)
 G - a +1 hat of magic resistance (worn)
 O - the +1 plate armour of the Armoured One (worn) {*Drain Dex+6}
   (Okawaru gifted it to you on level 1 of the Lair of Beasts)

   It affects your dexterity (+6).
   It causes draining when unequipped.
Jewellery
 e - an uncursed ring of resist corrosion
 h - an amulet of the gourmand (around neck)
 R - a +3 ring of protection (left hand)
Wands
 n - a wand of digging (15)
 r - a wand of iceblast (10)
Scrolls
 g - 15 scrolls of identify
 k - 14 scrolls of remove curse
 m - 2 scrolls of blinking
 t - 10 scrolls of fear
 v - 2 scrolls of teleportation
 z - 2 scrolls of fog
 D - a scroll of magic mapping
 F - a scroll of enchant weapon
 J - a scroll of summoning
Potions
 b - 2 potions of cancellation
 d - 2 potions of might
 i - 2 potions of curing
 j - a potion of haste
 p - a potion of invisibility
 w - a potion of heal wounds
 I - 6 potions of agility
 K - a potion of ambrosia
 N - 5 potions of resistance
Comestibles
 f - 62 rations


   Skills:
 + Level 18.2(17.8) Fighting
 + Level 19.8(19.4) Long Blades
 + Level 17.6(17.2) Armour
 + Level 5.8(5.5) Dodging
 + Level 2.4(2.1) Stealth
 + Level 21.0(20.6) Shields
 + Level 0.5(0.2) Unarmed Combat
 + Level 1.1(0.8) Invocations
 + Level 0.5(0.2) Evocations


You had 17 spell levels left.
You didn't know any spells.

Dungeon Overview and Level Annotations

Branches:
Dungeon (15/15)            Temple (0/1) D:7            Lair (6/6) D:10
  Swamp (4/4) Lair:4       Spider (4/4) Lair:2        Slime (0/5) Lair:6
    Orc (2/2) D:12            Elf (1/3) Orc:2        Vaults (0/5) D:14
 Depths (0/5) D:15

Altars:
Cheibriados
Elyvilon
Gozag
Kikubaaqudgha
Makhleb
Nemelex Xobeh
Okawaru
Ru
Sif Muna
Trog
Wu Jian
Xom
Zin
The Shining One
Beogh

Shops:
D:4 *[[   D:13 *   Orc:2 }*}%

Annotations:
Elf:1 Asterion


Innate Abilities, Weirdness & Mutations

You reflexively headbutt those who attack you in melee.
You have a pair of horns on your head.


Message History

Unknown command.
You slice the deep elf archer!!
You kill the deep elf archer!
Okawaru accepts your kill.
Unknown command.
There is an open door, spattered with blood here.
Items here: ( )) [ an uncursed short sword; an uncursed longbow; 5 arrows; a leather armour
Things that are here:
a dagger; a leather armour; an elf corpse
g - 15 scrolls of identify (gained 1)
There is an open door here.
You reach down and open the door.
A fire elemental comes into view.
Found a stone staircase leading down.
Asterion the Fallen King comes into view.
He is wielding a demon whip of draining.
Asterion bellows!
Asterion conjures a destructive force in the name of Makhleb!
The fireball explodes!
The fireball engulfs you!
You die...

,**,,,,******#+#...........#..#..
***,,,,,,* #.#...........#..... *
*,,,,,,* #.#....(...)..)..#,,
***,,,,,,* #.#.....)((...##.#,,
,,,,,,,,,* #.#......())..#*,#,,
,,,,,,,,,* #.##...).....##*,***
*+,,,,,+**####+###..(..(.## *,,,,
,***,***,*#H....#'#.).).## **,***
** *** **+#^....@####)### **,**##
* *#.......# #)# **,**##.
*#......E#* #)# **,**##..
*......§..*##'##*,**##... ***
*#....§..###..)#+** #....
*****,***#..>....##.....#####....
,,+,,,,,*##.....##.......'..'....
***,,,,,* #.....*#.......####....
* *,,,,,* ***+***#.......# #.)..


You could see Asterion and a fire elemental.

Vanquished Creatures
  Saint Roka (Orc:2)
  Nikola (Spider:2)
  Arachne (Spider:3)
  Gastronok (D:8)
  Frances (Swamp:2)
  Donald (Spider:3)
  The ghost of topfpfpflanze the Thaumaturge, a journeyman DsFE of Vehumet (D:14)
  An orc warlord (Orc:1)
  7 emperor scorpions
  6 ghost moths
  Aizul (Spider:4)
  An entropy weaver (Spider:4)
  Azrael (Spider:3)
  Josephine (Spider:1)
  A minotaur (Lab)
  Harold (Lair:2)
  25 hydras
  The ghost of Noxor the Thaumaturge, a journeyman DEFE of Zin (Orc:2)
  4 ghost crabs
  A merfolk avatar (Lair:6)
  2 centaur warriors
  8 two-headed ogres
  6 dancing weapons
  2 death knights
  7 alligators
  A queen ant (Lair:2)
  2 tengu warriors
  2 death yaks (Lair:6)
  2 spriggan berserkers (Swamp:4)
  Urug (D:10)
  5 orc high priests
  4 deep elf knights (Elf:1)
  2 spriggan druids
  A sea snake (Lair:6)
  7 deep elf archers
  2 wizards (D:15)
  9 swamp dragons
  A shambling mangrove (Swamp:4)
  4 unseen horrors
  2 phantasmal warriors
  4 orc knights (Orc:2)
  2 lindwurms (Volcano)
  20 wolf spiders
  A necromancer (D:15)
  Pikel (D:4)
  A harpy (Lair:6)
  7 ugly things
  10 orc sorcerers
  15 deep elf magi
  3 oklob plants
  6 manticores
  25 orb spiders
  5 elephants (Lair:6)
  2 moths of wrath (Spider:2)
  2 black mambas
  3 molten gargoyles (Volcano)
  Maurice (D:10)
  20 spiny frogs
  3 centaur skeletons
  5 gargoyles
  3 torpor snails
  3 efreet (Volcano)
  5 yaktaurs (D:15)
  5 rime drakes
  11 komodo dragons
  2 freezing wraiths
  A tengu conjurer (D:15)
  14 demonic crawlers
  5 polar bears
  44 jumping spiders
  4 trolls
  Grinder (D:6)
  5 tyrant leeches
  A harpy skeleton (D:14)
  2 wolf spider simulacra (D:15)
  20 slime creatures
  21 blink frogs
  8 bog bodies
  17 hornets
  6 hippogriffs
  A meliai zombie (D:14)
  An air elemental (Elf:1)
  Sigmund (D:4)
  2 spriggans (Swamp:3)
  83 redbacks
  3 shadows
  20 tarantellas
  A vampire (D:15)
  8 wraiths
  6 wyverns
  6 basilisks
  3 hungry ghosts
  6 vampire mosquitoes
  68 yaks
  4 fire elementals
  2 wargs (Orc:2)
  16 swamp worms
  5 insubstantial wisps
  21 soldier ants
  Edmund (D:4)
  3 hell hounds (Spider:3)
  14 water moccasins
  33 orc warriors
  16 swamp drakes
  8 porcupines
  A black bear (shapeshifter) (Elf:1)
  6 ice beasts
  2 sky beasts (D:10)
  4 black bears
  An ice beast (shapeshifter) (D:13)
  A necrophage (D:9)
  3 phantoms
  8 ogres
  23 centaurs
  14 crocodiles
  4 big kobolds
  22 bullfrogs
  Blork the orc (D:3)
  5 earth elementals
  9 scorpions
  A troll skeleton (Lab)
  13 wights
  5 howler monkeys
  A spriggan skeleton (Lab)
  5 electric eels
  5 crimson imps
  5 centaur zombies
  3 human zombies (Ossuary)
  2 quasits
  2 bullfrog zombies
  A gnoll shaman (D:6)
  25 orc priests
  2 bullfrog skeletons (D:13)
  6 hounds
  5 jellies
  Jessica (D:2)
  32 orc wizards
  30 worker ants
  3 big kobold zombies (Ossuary)
  2 ogre skeletons (Lab)
  A hound skeleton (D:6)
  3 mummies (Ossuary)
  Robin (D:4)
  A howler monkey skeleton (D:10)
  3 gnolls (D:11)
  7 adders
  7 shadow imps
  3 adder zombies
  8 worms
  A dart slug (D:2)
  4 leopard geckos
  75 orcs
  A ball python (D:2)
  7 giant cockroaches
  2 gnoll zombies (Ossuary)
  14 goblins
  12 hobgoblins
  3 iguanas
  6 jackals
  32 kobolds
  2 quokkas
  6 bats
  10 frilled lizards
  6 goblin zombies (Ossuary)
  3 hobgoblin zombies (Ossuary)
  5 jackal zombies (Ossuary)
  5 kobold zombies (Ossuary)
  An orc zombie (Ossuary)
  4 quokka zombies (Ossuary)
  10 rats
  2 rat zombies (Ossuary)
  11 bushes (Lair:1)
  3 fire vortices (Volcano)
  15 plants
1301 creatures vanquished.

Vanquished Creatures (others)
  A jumping spider (Spider:1)
  A redback (Spider:4)
  A worker ant (D:14)
  A hound skeleton (D:5)
  A bush (D:14)
  A fire vortex (Volcano)
  9 fungi
  14 plants
29 creatures vanquished.

Grand Total: 1330 creatures vanquished

Notes
Turn   | Place    | Note
-------+----------+-------------------------------------------
     0 | D:1      | Peloso the Minotaur Fighter began the quest for the Orb.
     0 | D:1      | Reached XP level 1. HP: 19/19 MP: 0/0
   143 | D:1      | Reached skill level 4 in Shields
   143 | D:1      | Reached XP level 2. HP: 24/27 MP: 1/1
   472 | D:1      | Reached XP level 3. HP: 33/33 MP: 2/2
   937 | D:2      | Noticed Jessica
   946 | D:2      | Killed Jessica
   946 | D:2      | Reached XP level 4. HP: 40/40 MP: 3/3
  1209 | D:2      | Reached XP level 5. HP: 36/46 MP: 4/4
  1857 | D:2      | Found a deep blue altar of Sif Muna.
  1857 | D:2      | Found a sparkling altar of Nemelex Xobeh.
  2069 | D:3      | Found an ancient bone altar of Kikubaaqudgha.
  2140 | D:3      | Found a snail-covered altar of Cheibriados.
  2697 | D:4      | Noticed Blork the orc
  2704 | D:3      | Killed Blork the orc
  2704 | D:3      | Reached skill level 5 in Armour
  2704 | D:3      | Reached skill level 1 in Dodging
  2751 | D:3      | Reached XP level 6. HP: 53/53 MP: 5/5
  2769 | D:4      | Reached skill level 5 in Long Blades
  2769 | D:4      | Reached skill level 5 in Shields
  2878 | D:4      | Noticed Edmund
  2895 | D:4      | Killed Edmund
  3322 | D:4      | Found an iron altar of Okawaru.
  3330 | D:4      | Became a worshipper of Warmaster Okawaru
  3428 | D:4      | Reached XP level 7. HP: 37/60 MP: 6/6
  3607 | D:4      | Found Dom Ruerch's Antique Armour Boutique.
  3615 | D:4      | Noticed Sigmund
  3643 | D:4      | Killed Sigmund
  3643 | D:4      | Reached skill level 5 in Fighting
  3864 | D:4      | Found a glowing silver altar of Zin.
  3927 | D:4      | Reached * piety under Okawaru
  3943 | D:4      | Noticed Robin
  3965 | D:4      | Killed Robin
  4025 | D:4      | Reached XP level 8. HP: 39/68 MP: 7/7
  4177 | D:4      | Found Pishu's Armour Shop.
  4312 | D:4      | Found Gogug's Assorted Antiques.
  4373 | D:4      | Noticed Pikel
  4405 | D:4      | Killed Pikel
  4405 | D:4      | Reached skill level 6 in Shields
  4567 | D:5      | Entered Level 5 of the Dungeon
  4640 | D:5      | Found an ornate altar of the Wu Jian Council.
  4654 | D:5      | Found a sparkling altar of Nemelex Xobeh.
  5676 | D:6      | Found a shimmering altar of Xom.
  5696 | D:6      | Reached skill level 7 in Shields
  5698 | D:6      | Noticed Grinder
  5706 | D:6      | Paralysed by Grinder for 4 turns
  5722 | D:6      | Killed Grinder
  5722 | D:6      | Reached ** piety under Okawaru
  5843 | D:6      | Found a sand-covered staircase.
  5859 | Ossuary  | Entered an ossuary
  6023 | Ossuary  | Reached XP level 9. HP: 75/75 MP: 8/8
  6309 | D:6      | Found a burning altar of Makhleb.
  6309 | D:6      | Found a sacrificial altar of Ru.
  6545 | D:4      | Bought the cursed +0 shield of Vlad {Str+7 Dex+2} for 383 gold pieces
  6951 | D:6      | Reached *** piety under Okawaru
  6951 | D:6      | Reached skill level 10 in Long Blades
  7715 | D:7      | Reached skill level 8 in Shields
  7903 | D:7      | Found a staircase to the Ecumenical Temple.
  8427 | D:8      | Noticed Gastronok
  8471 | D:8      | Killed Gastronok
  8471 | D:8      | Reached **** piety under Okawaru
  8471 | D:8      | Reached skill level 1 in Stealth
  8471 | D:8      | Reached XP level 10. HP: 46/86 MP: 9/9
  8857 | D:8      | Reached ***** piety under Okawaru
  9250 | D:8      | Found a glowing golden altar of the Shining One.
  9280 | D:8      | Reached skill level 9 in Shields
  9332 | D:8      | Received a gift from Okawaru
  9377 | D:8      | Reached skill level 10 in Armour
  9380 | D:8      | Found a white marble altar of Elyvilon.
  9592 | D:9      | Received a gift from Okawaru
  9963 | D:9      | Noticed a gargoyle
  9975 | D:9      | Killed a gargoyle
  9975 | D:9      | Received a gift from Okawaru
  9975 | D:9      | Reached XP level 11. HP: 94/94 MP: 10/10
 10041 | D:9      | Found an opulent altar of Gozag.
 10097 | D:9      | Noticed a two-headed ogre
 10122 | D:9      | Killed a two-headed ogre
 10404 | D:9      | Found a bloodstained altar of Trog.
 10622 | D:10     | Entered Level 10 of the Dungeon
 10625 | D:10     | Noticed Urug
 10635 | D:10     | Killed Urug
 10635 | D:10     | Reached skill level 10 in Shields
 10650 | D:10     | Identified a scroll of acquirement
 11183 | D:10     | Killed an unseen horror
 11459 | D:10     | Noticed Maurice
 11466 | D:10     | Killed Maurice
 11505 | D:10     | Found a staircase to the Lair.
 11594 | D:11     | Killed an unseen horror
 11644 | D:11     | Received a gift from Okawaru
 11733 | D:11     | Reached skill level 11 in Shields
 11747 | D:11     | Noticed a two-headed ogre
 11752 | D:11     | Killed a two-headed ogre
 12058 | D:11     | Reached XP level 12. HP: 85/104 MP: 11/11
 12820 | D:12     | Noticed a two-headed ogre
 12824 | D:12     | Killed a two-headed ogre
 13024 | D:12     | Reached skill level 15 in Long Blades
 13180 | D:12     | Reached ****** piety under Okawaru
 13642 | D:12     | Reached skill level 12 in Shields
 13685 | D:12     | Found a staircase to the Orcish Mines.
 13722 | D:12     | Reached skill level 10 in Fighting
 13729 | D:12     | Found a roughly hewn altar of Beogh.
 14042 | Lair:1   | Entered Level 1 of the Lair of Beasts
 14048 | Lair:1   | Received a gift from Okawaru
 14051 | Lair:1   | Got a jewelled plate armour {god gift}
 14063 | Lair:1   | Identified the +1 plate armour of the Armoured One {*Drain Dex+6} (Okawaru gifted it to you on level 1 of the Lair of Beasts)
 14165 | Lair:1   | Found a labyrinth entrance.
 14179 | Lab      | Entered a labyrinth
 14633 | Lab      | Noticed a minotaur
 14643 | Lab      | Killed a minotaur
 14735 | Lab      | Identified Ruist's Incunabulum of Protection
 15040 | Lair:1   | Reached XP level 13. HP: 103/114 MP: 12/12
 15890 | Lair:2   | Noticed Harold
 15935 | Lair:2   | Killed Harold
 16022 | Lair:2   | Reached skill level 13 in Shields
 16036 | Lair:2   | Received a gift from Okawaru
 16596 | Lair:2   | Found a hole to the Spider Nest.
 17001 | Lair:3   | Found an ornate altar of the Wu Jian Council.
 17826 | Lair:4   | Found a deep blue altar of Sif Muna.
 18578 | Lair:4   | Found a staircase to the Swamp.
 18726 | Lair:5   | Received a gift from Okawaru
 18729 | Lair:5   | Got a jewelled demon blade {god gift}
 18730 | Lair:5   | Identified the +6 demon blade "Laezuf" {elec, +Rage rPois Str-2 Stlth+} (Okawaru gifted it to you on level 5 of the Lair of Beasts)
 18740 | Lair:5   | Found a dark tunnel.
 18747 | Volcano  | Entered a volcano
 19198 | Volcano  | Reached XP level 14. HP: 98/127 MP: 13/13
 19406 | Lair:5   | Reached skill level 14 in Shields
 19602 | Lair:5   | Received a gift from Okawaru
 20054 | Lair:6   | Entered Level 6 of the Lair of Beasts
 20488 | Lair:6   | Reached skill level 15 in Shields
 20503 | Lair:6   | Received a gift from Okawaru
 20999 | Lair:6   | Found a staircase to the Slime Pits.
 21231 | Lair:6   | Got a heavily runed chain mail
 21235 | Lair:6   | Got an ichor-stained hand axe
 21349 | Lair:6   | Identified the +7 chain mail of Going Fast {Int+3} (You found it on level 6 of the Lair of Beasts)
 21614 | Lair:1   | Identified the cursed +1 hand axe of Inconvenience {chop, Int+3} (You found it on level 6 of the Lair of Beasts)
 21894 | Orc:1    | Entered Level 1 of the Orcish Mines
 22195 | Orc:1    | Noticed an orc warlord
 22684 | Orc:1    | Killed an orc warlord
 22684 | Orc:1    | Reached XP level 15. HP: 90/137 MP: 6/14
 22695 | Orc:1    | Got a translucent scimitar
 22696 | Orc:1    | Identified the +7 scimitar of Offence {slice, rC+} (You found it on level 1 of the Orcish Mines)
 22977 | Orc:2    | Entered Level 2 of the Orcish Mines
 22986 | Orc:2    | Noticed Noxor's ghost (journeyman DEFE)
 23004 | Orc:2    | Killed Noxor's ghost
 23163 | Orc:2    | Found a staircase to the Elven Halls.
 23364 | Orc:2    | Noticed Saint Roka
 23409 | Orc:2    | Killed Saint Roka
 23415 | Orc:2    | Reached skill level 16 in Shields
 23892 | Orc:2    | Received a gift from Okawaru
 24058 | Orc:2    | Reached skill level 5 in Dodging
 24200 | Orc:2    | Reached skill level 1 in Invocations
 24550 | Orc:2    | Found Ulef's Gadget Shop.
 24550 | Orc:2    | Found Vatek's General Store.
 24564 | Orc:2    | Found Tet Woimn's Gadget Shop.
 24564 | Orc:2    | Found Ifaihy's Food Shoppe.
 24575 | Orc:2    | Bought a scroll of enchant armour for 105 gold pieces
 25174 | D:13     | Found Xaxab's Demolitions Depot.
 25739 | D:14     | Noticed topfpfpflanze's ghost (journeyman DsFE)
 25753 | D:14     | Killed topfpfpflanze's ghost
 25753 | D:14     | Reached skill level 15 in Armour
 25828 | D:14     | Found a gate to the Vaults.
 26165 | D:14     | Received a gift from Okawaru
 26165 | D:14     | Reached skill level 15 in Fighting
 26511 | D:15     | Entered Level 15 of the Dungeon
 26977 | D:15     | Reached skill level 17 in Shields
 27552 | D:15     | Reached XP level 16. HP: 136/149 MP: 13/15
 27774 | D:15     | Found a staircase to the Depths.
 27878 | D:15     | Found a glowing golden altar of the Shining One.
 28209 | Swamp:1  | Entered Level 1 of the Swamp
 29129 | Swamp:2  | Noticed Frances
 29145 | Swamp:2  | Killed Frances
 29170 | Swamp:2  | Received a gift from Okawaru
 29816 | Swamp:3  | Reached skill level 18 in Shields
 29825 | Swamp:4  | Entered Level 4 of the Swamp
 31098 | Swamp:4  | Received a gift from Okawaru
 31106 | Swamp:4  | Got a bloodstained morningstar {god gift}
 31676 | Swamp:4  | Reached XP level 17. HP: 154/159 MP: 16/16
 31775 | Swamp:4  | Got a decaying rune of Zot
 32319 | Lair:1   | Identified the +1 morningstar "Qafur" {flame, +Blink} (Okawaru gifted it to you on level 4 of the Swamp)
 32420 | Spider:1 | Entered Level 1 of the Spider Nest
 32493 | Spider:1 | Noticed Josephine
 32505 | Spider:1 | Killed Josephine
 32625 | Spider:1 | Received a gift from Okawaru
 32630 | Spider:1 | Got a blackened shield {god gift}
 32641 | Spider:1 | Identified the +5 shield of the Skies Above {-Cast Str+3 Int+6} (Okawaru gifted it to you on level 1 of the Spider Nest)
 33552 | Spider:2 | Reached skill level 19 in Shields
 34317 | Spider:2 | Noticed Nikola
 34326 | Spider:2 | Killed Nikola
 35605 | Spider:3 | Received a gift from Okawaru
 35621 | Spider:3 | Got a transparent scimitar {god gift}
 35622 | Spider:3 | Identified the +8 scimitar "Kacro" {elec, +Inv} (Okawaru gifted it to you on level 3 of the Spider Nest)
 35861 | Spider:3 | Noticed Azrael
 35873 | Spider:3 | Killed Azrael
 35882 | Spider:3 | Noticed Arachne
 35904 | Spider:3 | HP: 4/161 [jumping spider (6)]
 36352 | Spider:3 | Killed Arachne
 36457 | Spider:3 | Got a translucent arbalest
 36709 | Spider:3 | Noticed Donald
 36720 | Spider:3 | Killed Donald
 36740 | Spider:4 | Entered Level 4 of the Spider Nest
 37051 | Spider:3 | Reached skill level 20 in Shields
 37323 | Spider:4 | Received a gift from Okawaru
 37838 | Spider:4 | Reached XP level 18. HP: 121/170 MP: 15/17
 39084 | Spider:4 | Noticed Aizul
 39103 | Spider:4 | Killed Aizul
 40546 | Spider:4 | Got a gossamer rune of Zot
 40795 | Lair:1   | Identified the +11 arbalest "Lifebane" {flame, Str+5} (You found it on level 3 of the Spider Nest)
 41019 | Elf:1    | Entered Level 1 of the Elven Halls
 41027 | Elf:1    | Received a gift from Okawaru
 41042 | Elf:1    | Got a crude chain mail {god gift}
 41043 | Elf:1    | Identified the +0 chain mail of Yruqehy {rN+ MR- Str+2 Int+5} (Okawaru gifted it to you on level 1 of the Elven Halls)
 41257 | Elf:1    | Reached skill level 21 in Shields
 41262 | Elf:1    | HP: 8/172 [deep elf archer/arrow (17)]
 41286 | Elf:1    | Noticed Asterion
 41286 | Elf:1    | Killed from afar by Asterion

Skill      XL: |  1  2  3  4  5  6  7  8  9 10 11 12 13 14 15 16 17 18 |
---------------+-------------------------------------------------------+-----
Shields        | 4 5 7 8 9 11 12 13 15 17 18 20 21 | 21.0
Long Blades    | 3 4 6 7 8 11 12 14 15 16 17 18 19 | 19.8
Armour         | 4 5 6 7 9 10 11 12 13 14 15 16 17 | 17.6
Fighting       | 4 5 7 8 9 10 12 13 15 16 17 18 | 18.2
Dodging        | 1 2 3 4 5 |  5.8
Stealth        | 1 2 |  2.4
Invocations    | 1 |  1.1
Unarmed Combat | |  0.5
Evocations     | |  0.5

Action                   |  1- 3 |  4- 6 |  7- 9 | 10-12 | 13-15 | 16-18 || total
-------------------------+-------+-------+-------+-------+-------+-------++-------
Melee: Long sword        |    87 |   142 |   411 |   178 |       |       ||   818
       Headbutt          |    17 |    35 |   101 |   188 |   549 |   502 ||  1392
       Unarmed           |       |       |     2 |       |       |       ||     2
       Double sword      |       |       |       |   434 |   869 |    43 ||  1346
       Demon blade       |       |       |       |       |   414 |  1122 ||  1536
       Scimitar          |       |       |       |       |    47 |   159 ||   206
Invok: Heroism           |       |       |     2 |     3 |     3 |     4 ||    12
Evoke: Wand              |       |       |       |     2 |     1 |     3 ||     6
  Use: Potion            |       |       |     4 |     1 |     6 |     8 ||    19
       Scroll            |       |       |    16 |    11 |    15 |    10 ||    52
 Stab: Held in net/web   |       |       |       |       |       |     1 ||     1
  Eat: Chunk             |       |     8 |    11 |    25 |    48 |    42 ||   134
       Ration            |       |       |     2 |       |       |       ||     2
Armor: Scale mail        |    21 |       |       |       |       |       ||    21
       Chain mail        |    33 |    77 |   119 |       |       |       ||   229
       Plate armour      |       |       |     8 |   270 |   443 |   769 ||  1490
Dodge: Dodged            |    20 |    46 |   110 |   170 |   368 |   607 ||  1321
Block: Shield            |    46 |   101 |   239 |   445 |   897 |  1202 ||  2930
       Rpst.: Long sword |     5 |    12 |    23 |     7 |       |       ||    47
       Double sword      |       |       |       |    36 |    47 |     1 ||    84
       Demon blade       |       |       |       |       |    25 |    77 ||   102
       Scimitar          |       |       |       |       |     6 |     9 ||    15
